 Dungeon Crawl Stone Soup version 0.18-a0-1361-g9293dd1 (webtiles) character file.

87 Duffy the Insei (level 4, -3/30 HPs)
             Began as a Tengu Monk on Feb 20, 2016.
             Killed by divine providence
             ... invoked by an orc priest
              (14 damage)
             ... on level 3 of the Dungeon.
             The game lasted 00:02:09 (2183 turns).

Duffy the Insei (Tengu Monk)                        Turns: 2183, Time: 00:02:10

Health: -3/30      AC:  6    Str: 12    XL:     4   Next: 51%
Magic:  5/5        EV: 12    Int: 10    God:
Gold:   43         SH:  0    Dex: 17    Spells: 0 memorised, 3 levels left

rFire  . . .     SeeInvis .       - Unarmed
rCold  . . .     Gourm    .     t - +0 ring mail
rNeg   . . .     Faith    .     (no shield)
rPois  .         Spirit   .     (helmet restricted)
rElec  .         Dismiss  .     (no cloak)
rCorr  .         Reflect  .     h - +0 pair of gloves (curse)
SustAt +         Harm     .     (boots unavailable)
MR     .....                    (no amulet)
Stlth  +.........               (no ring)
                                r - ring of sustain attributes

@: not resistant to hostile enchantments, very unstealthy
A: beak, talons 3
a: no special abilities


You were on level 3 of the Dungeon.
You were not hungry.

You visited 1 branch of the dungeon, and saw 3 of its levels.

You collected 43 gold pieces.


Innate Abilities, Weirdness & Mutations

You have a beak for a mouth.
You have claws for feet.


   Skills:
 + Level 4.3 Fighting
 - Level 3.2 Dodging
 - Level 2.0 Stealth
 + Level 5.3 Unarmed Combat


You had 3 spell levels left.
You didn't know any spells.

Inventory:

Hand Weapons
 v - a +0 blowgun
Missiles
 w - 8 poisoned needles
Armour
 a - a +0 robe
 h - a cursed +0 pair of gloves (worn)
 t - a +0 ring mail (worn)
Jewellery
 r - a ring of sustain attributes (left hand)
Scrolls
 d - a scroll of teleportation {unknown}
 e - 2 scrolls of fear {unknown}
 l - a scroll of random uselessness {unknown}
 n - a scroll of enchant armour {unknown}
 q - a scroll of noise {unknown}
 s - a scroll of identify {unknown}
 x - a scroll of remove curse {unknown}
Potions
 f - a potion of cancellation {unknown}
 g - 3 potions of brilliance {unknown}
 i - a potion of lignification {unknown}
 k - a potion of haste {unknown}
 m - a potion of magic {unknown}
 o - a potion of curing {unknown}
 u - a potion of berserk rage {unknown}
Comestibles
 b - 3 bread rations
 c - 2 royal jellies
 j - a meat ration
 p - a beef jerky

Dungeon Overview and Level Annotations

Branches:
Dungeon (3/15)

Altars:
Ashenzari
Nemelex Xobeh


Message History

You are too injured to fight recklessly!
You are too injured to fight recklessly!
You are too injured to fight recklessly!
You are too injured to fight recklessly!
You are too injured to fight recklessly!
You are too injured to fight recklessly!
You are too injured to fight recklessly!
You are too injured to fight recklessly!
You are too injured to fight recklessly!
You are too injured to fight recklessly!
You are too injured to fight recklessly!
You are too injured to fight recklessly!
You are too injured to fight recklessly!
You are too injured to fight recklessly!
You are too injured to fight recklessly!
You are too injured to fight recklessly!
You are too injured to fight recklessly!
You are too injured to fight recklessly!
You are too injured to fight recklessly!
You are too injured to fight recklessly!
You are too injured to fight recklessly!
The orc barely misses you. The orc hits you but does no damage.
A goblin comes into view. It is wielding a dagger.
Things that are here:
a hand axe; a scale mail; an orc corpse You hit the orc priest but do no damage.
The orc hits you but does no damage.
The orc priest hits you but does no damage.
The orc hits you but does no damage.
You hit the orc priest but do no damage.
You claw the orc priest, but do no damage.
The goblin hits you. The orc closely misses you.
The orc priest mumbles some strange prayers to Beogh against you.
Beogh smites you!
You die...

.# .# .#
#.# .. .#
#.#####o#
#.g$!g@o#
######.o#
#(.# #..#
#..# #..#
# #..# #
##.# #..#
.# #..
#..#


You could see an orc priest, 2 orcs and 2 goblins.

Action                   |  1- 3 |  4- 6 || total
-------------------------+-------+-------++-------
Melee: Unarmed           |    91 |    29 ||   120
 Stab: Sleeping          |     9 |       ||     9
  Eat: Chunk             |     3 |     1 ||     4

Notes
Turn   | Place    | Note
--------------------------------------------------------------
     0 | D:1      | Duffy the Tengu Monk began the quest for the Orb.
     0 | D:1      | Reached XP level 1. HP: 14/14 MP: 2/2
   426 | D:1      | Reached XP level 2. HP: 12/19 MP: 3/3
   573 | D:1      | Found a sparkling altar of Nemelex Xobeh.
   972 | D:1      | Reached XP level 3. HP: 20/24 MP: 4/4
  1326 | D:2      | Found a shattered altar of Ashenzari.
  1595 | D:2      | Reached skill level 4 in Fighting
  1794 | D:2      | Reached skill level 5 in Unarmed Combat
  1897 | D:3      | Reached XP level 4. HP: 29/29 MP: 5/5
  1972 | D:3      | Noticed Natasha
  1988 | D:3      | Killed Natasha
  2183 | D:3      | Killed from afar by an orc priest

Vault maps used:
D:1:      dpeg_arrival_stone_temple_mockup, nemelex_deck
D:2:      ashenzari_conservatory_becter
D:3:      first_bread, uniq_natasha, uniq_robin, uniq_crazy_yiuf_cottage

Vanquished Creatures
  Natasha
  An adder
  An orc
  2 ball pythons
  6 bats
  2 giant cockroaches
  6 hobgoblins
  5 jackals
  14 kobolds
  2 quokkas
  A giant newt
  5 goblins
  A jackal skeleton
  A rat
48 creatures vanquished.
